 Dungeon Crawl Stone Soup version 0.29.1-1-gd02db6906a (webtiles) character file.

Game seed: 18310295982780660612

2687 pibborn the Spear-Bearer (level 9, -2/74 HPs)
             Began as a Gnoll Cinder Acolyte on Sept 16, 2022.
             Was a Priest of Ignis.
             Slain by a wolf (11 damage)
             ... led by Grum
             ... on level 8 of the Dungeon on Sept 23, 2022.
             The game lasted 00:30:57 (10098 turns).

pibborn the Spear-Bearer (Gnoll Cinder Acolyte)    Turns: 10098, Time: 00:30:58

Health: -2/74      AC:  0    Str: 17    XL:     9   Next: 64%
Magic:  1/17       EV: 13    Int: 17    God:    Ignis [***...]
Gold:   285        SH:  0    Dex:  9    Spells: 13/19 levels left

rFire   + . .      SeeInvis .   M - +4 dire flail
rCold   . . .      Faith    .   (shield currently unavailable)
rNeg    + . .      Spirit   .   H - +1 robe of Qying {*Corrode rPois Str+4 Archmagi}
rPois   +          Reflect  .   (no helmet)
rElec   .          Harm     .   (no cloak)
rCorr   .          Rampage  .   (no gloves)
Will    .....      Archmagi +   (no boots)
Stlth   ++........              (no amulet)
HPRegen 0.22/turn               l - ring of positive energy
MPRegen 0.15/turn               (no ring)

@: corroded, hasted, very quick
A: fangs 1, strong nose, distributed training
a: Renounce Religion, Fiery Armour, Foxfire Swarm, Rising Flame


You were on level 8 of the Dungeon.
You worshipped Ignis.
Ignis was most pleased with you.
You visited 1 branch of the dungeon, and saw 8 of its levels.
You also visited: Ossuary.

You collected 427 gold pieces.
You spent 142 gold pieces at shops.

Inventory:

Hand Weapons
 a - a -1 spear of flaming
 t - a +0 sling
 C - a +2 flail of draining
 I - a +2 spear of venom
 L - a +1 hammer of protection
 M - a +4 dire flail (weapon)
Missiles
 d - 3 atropa-tipped darts
 O - 2 boomerangs (quivered)
Armour
 b - a +0 robe
 w - a +0 chain mail
 z - a +0 ring mail
 E - a +1 ring mail of fire resistance
 H - the +1 robe of Qying (worn) {*Corrode rPois Str+4 Archmagi}
   (You bought it in a shop on level 5 of the Dungeon)

   Str:       It affects your strength (+4).
   rPois:     It protects you from poison.
   *Corrode:  It may corrode you when you take damage.
   Archmagi:  It increases the power of your magical spells.
Jewellery
 c - a ring of fire
 l - a ring of positive energy (left hand)
 J - a ring of fire
Wands
 r - a wand of charming (21)
 v - a wand of light (6)
 y - a wand of flame (2)
Scrolls
 e - 8 scrolls of identify
 j - 5 scrolls of teleportation
 o - 2 scrolls of magic mapping {unknown}
 p - 4 scrolls of blinking
 q - a scroll of butterflies {unknown}
 s - a scroll of immolation {unknown}
 u - 2 scrolls of enchant armour {unknown}
 A - a scroll of enchant weapon {unknown}
 F - a scroll of torment {unknown}
 G - a scroll of fear {unknown}
 K - a scroll of brand weapon {unknown}
Potions
 f - 2 potions of attraction {unknown}
 g - 2 potions of cancellation {unknown}
 h - 2 potions of lignification {unknown}
 i - 3 potions of curing
 k - 3 potions of mutation {unknown}
 m - 2 potions of might {unknown}
 n - 3 potions of flight {unknown}
 x - a potion of magic {unknown}
 B - a potion of haste
 D - a potion of invisibility {unknown}
 N - 2 potions of resistance {unknown}
 P - 2 potions of ambrosia {unknown}


   Skills:
 + Level 8.1 Fighting
 + Level 4.6 Short Blades
 + Level 4.6 Long Blades
 + Level 4.6 Axes
 + Level 4.6 Maces & Flails
 + Level 8.1 Polearms
 + Level 4.6 Staves
 + Level 4.6 Ranged Weapons
 + Level 4.6 Throwing
 + Level 4.6 Armour
 + Level 4.6 Dodging
 + Level 4.6 Stealth
 + Level 4.6 Shields
 + Level 4.6 Unarmed Combat
 + Level 5.5 Spellcasting
 + Level 3.8 Conjurations
 + Level 3.8 Hexes
 + Level 3.8 Summonings
 + Level 3.8 Necromancy
 + Level 3.8 Translocations
 + Level 3.8 Transmutations
 + Level 6.7 Fire Magic
 + Level 3.8 Ice Magic
 + Level 3.8 Air Magic
 + Level 3.8 Earth Magic
 + Level 3.8 Poison Magic
 + Level 5.1 Invocations
 + Level 4.6 Evocations


You had 13 spell levels left.
You knew the following spells:

 Your Spells              Type           Power      Damage    Failure   Level
a - Scorch                Fire           82%        2d9       1%          2
b - Sublimation of Blood  Necr           26%        N/A       4%          2
c - Wereblood             Tmut           26%        N/A       4%          2

Your spell library contained the following spells:

 Spells                   Type           Power      Damage    Failure   Level
 Static Discharge         Conj/Air       26%        3-7/arc   4%          2
 Sticky Flame             Conj/Fire      34%        2d5       16%         4
 Dispel Undead            Necr           26%        3d13      28%         4
 Lightning Bolt           Conj/Air       13%        1d26      61%         5
 Dispersal                Tloc           13%        N/A       99%         6
 Summon Hydra             Summ           13%        N/A       100%        7
 Disjunction              Tloc           13%        N/A       100%        8
 Maxwell's Capacitive Co  Air            13%        ∞         100%        8


Dungeon Overview and Level Annotations

Branches:
Dungeon (8/15)             Temple (0/1) D:4         Ossuary (visited)
   Lair: D:8-11

Altars:
Ru
Sif Muna
Trog

Shops:
D:5 [

Annotations:
D:6 2 transporters, mif's ghost, novice MiBe
D:8 Grum


Innate Abilities, Weirdness & Mutations

You have very sharp teeth.
Your uncanny sense of smell can sniff out nearby items.
Your experience applies equally to all skills.


Message History

You feel a surge of power!
Flames lash the wolf.
The wolf is heavily wounded.
The wolf's fire resistance burns away.
The wolf barely misses you. The wolf bites you. The wolf bites you!
Grum hits you from afar with a -2 halberd!!
Casting: Scorch (safe; 1% risk of failure)
Confirm with . or Enter, or press ? or * to list all spells.
You feel a surge of power!
Flames lash Grum.
Grum is burned terribly!
Grum is severely wounded.
The wolf barely misses you. The wolf bites you. The wolf bites you!
The wolf closely misses you.
Grum barks, "My dogs and I will have a feast tonight..."
Grum misses you. The wolf attacks as you move away!
The wolf closely misses you. The wolf attacks as you move away!
The wolf bites you!
* * * LOW HITPOINT WARNING * * *
Casting: Scorch (safe; 1% risk of failure)
Confirm with . or Enter, or press ? or * to list all spells.
You feel a surge of power!
Flames lash the wolf.
The wolf is burned terribly!
The wolf is almost dead.
The wolf closely misses you. The wolf bites you!
* * * LOW HITPOINT WARNING * * *
You feel better. The wolf closely misses you. x2
The wolf bites you but does no damage. The wolf bites you.
* * * LOW HITPOINT WARNING * * *
You feel yourself speed up. The wolf bites you but does no damage.
The wolf closely misses you. The wolf bites you.
* * * LOW HITPOINT WARNING * * *
You feel better. The wolf closely misses you. The wolf bites you!
* * * LOW HITPOINT WARNING * * *
The wolf bites you.
* * * LOW HITPOINT WARNING * * *
Your corrosive artefact corrodes you!
Casting: Scorch (safe; 1% risk of failure)
Confirm with . or Enter, or press ? or * to list all spells.
You don't have enough magic to cast this spell.
You closely miss the wolf.
The wolf is almost dead.
The wolf bites you!
You die...

...............#
.............. ##
.........$..##...
..............#
.............#
......g....##
####.....### ###h.## #
########@h## ###
##....##..## ..##
##.........##
#..####.............#
##...................#
##.##.................#
#..##.................#
#.##..................#
..##..................#


You could see Grum (combustible) and 2 wolves.

Vanquished Creatures
  A wyvern (D:7)
  A steam dragon (D:6)
  Menkaure (Ossuary)
  Edmund (D:4)
  2 black bears
  2 sky beasts
  A wolf (D:8)
  2 phantoms
  A necrophage (D:7)
  5 scorpions
  2 gnoll sergeants
  4 wights (D:7)
  4 hounds
  3 jellies
  Crazy Yiuf (D:7)
  2 orc priests
  2 iguanas
  Natasha (thrice) (D:3)
  3 orc wizards
  3 mummies (Ossuary)
  14 gnolls
  6 adders
  2 shadow imps
  A white imp (D:7)
  An ufetubus (D:4)
  7 worms
  3 dart slugs
  20 orcs
  4 endoplasms
  9 giant cockroaches
  6 goblins
  10 hobgoblins
  2 jackals (D:4)
  7 ball pythons
  8 bats
  4 frilled lizards
  5 gnoll skeletons (Ossuary)
  4 goblin skeletons (Ossuary)
  5 goblin zombies (Ossuary)
  4 hobgoblin skeletons (Ossuary)
  3 hobgoblin zombies (Ossuary)
  5 kobolds
  4 kobold skeletons (Ossuary)
  3 kobold zombies (Ossuary)
  3 orc skeletons (Ossuary)
  5 orc zombies (Ossuary)
  5 rats
  5 rat skeletons (Ossuary)
  9 rat zombies (Ossuary)
208 creatures vanquished.

Vanquished Creatures (others)
  19 foxfires
  6 plants (D:6)
25 creatures vanquished.

Grand Total: 233 creatures vanquished

Notes
Turn   | Place    | Note
-------+----------+-------------------------------------------
     0 | D:1      | pibborn the Gnoll Cinder Acolyte began the quest for the
                  | Orb.
     0 | D:1      | Reached XP level 1. HP: 23/23 MP: 4/4
   281 | D:1      | Reached XP level 2. HP: 29/29 MP: 5/5
   685 | D:1      | Reached XP level 3. HP: 35/35 MP: 7/7
  1029 | D:1      | Reached skill level 1 in Invocations
  1562 | D:2      | Found a faded altar of an unknown god.
  1605 | D:2      | Reached skill level 1 in Short Blades
  1605 | D:2      | Reached skill level 1 in Long Blades
  1605 | D:2      | Reached skill level 1 in Axes
  1605 | D:2      | Reached skill level 1 in Maces & Flails
  1605 | D:2      | Reached skill level 1 in Staves
  1605 | D:2      | Reached skill level 1 in Ranged Weapons
  1605 | D:2      | Reached skill level 1 in Throwing
  1605 | D:2      | Reached skill level 1 in Armour
  1605 | D:2      | Reached skill level 1 in Dodging
  1605 | D:2      | Reached skill level 1 in Stealth
  1605 | D:2      | Reached skill level 1 in Shields
  1605 | D:2      | Reached skill level 1 in Unarmed Combat
  1605 | D:2      | Reached skill level 1 in Evocations
  1688 | D:2      | Reached XP level 4. HP: 41/41 MP: 8/8
  2021 | D:3      | Noticed Natasha
  2033 | D:3      | Killed Natasha
  2034 | D:3      | Reached skill level 1 in Conjurations
  2034 | D:3      | Reached skill level 1 in Hexes
  2034 | D:3      | Reached skill level 1 in Summonings
  2034 | D:3      | Reached skill level 1 in Necromancy
  2034 | D:3      | Reached skill level 1 in Translocations
  2034 | D:3      | Reached skill level 1 in Transmutations
  2034 | D:3      | Reached skill level 1 in Ice Magic
  2034 | D:3      | Reached skill level 1 in Air Magic
  2034 | D:3      | Reached skill level 1 in Earth Magic
  2034 | D:3      | Reached skill level 1 in Poison Magic
  2098 | D:3      | Noticed Natasha
  2710 | D:2      | Learned a level 2 spell: Scorch
  2715 | D:3      | Killed Natasha
  2716 | D:3      | Reached XP level 5. HP: 42/47 MP: 4/9
  2794 | D:3      | Noticed Natasha
  2833 | D:3      | Killed Natasha
  3192 | D:3      | Found a sacrificial altar of Ru.
  3394 | D:4      | Noticed a phantom
  3442 | D:4      | Found a staircase to the Ecumenical Temple.
  3508 | D:4      | Reached XP level 6. HP: 25/53 MP: 0/11
  3679 | D:4      | Found a shimmering blue altar of Sif Muna.
  4034 | D:4      | Reached XP level 7. HP: 27/60 MP: 2/12
  4470 | D:4      | Noticed Edmund
  4493 | D:4      | Killed Edmund
  5166 | D:5      | Entered Level 5 of the Dungeon
  5297 | D:5      | Found a sand-covered staircase.
  5304 | Ossuary  | Entered an ossuary
  5801 | Ossuary  | Noticed Menkaure
  5823 | Ossuary  | Killed Menkaure
  5824 | Ossuary  | Reached XP level 8. HP: 31/67 MP: 4/14
  6113 | D:5      | Learned a level 2 spell: Sublimation of Blood
  6368 | D:5      | Learned a level 2 spell: Wereblood
  6473 | D:5      | Found Tudaed's Antique Armour Shop.
  6479 | D:5      | Bought a faintly humming robe for 142 gold pieces
  6479 | D:5      | Identified the +1 robe of Qying {*Corrode rPois Str+4
                  | Archmagi} (You bought it in a shop on level 5 of the
                  | Dungeon)
  7537 | D:6      | Noticed mif's ghost (novice MiBe)
  7858 | D:6      | Found a transporter.
  7859 | D:6      | Found a transporter.
  8204 | D:6      | Reached XP level 9. HP: 46/73 MP: 2/16
  8435 | D:6      | Reached skill level 5 in Spellcasting
  8549 | D:6      | Found a bloodstained altar of Trog.
  9232 | D:7      | Found a runed translucent door.
  9233 | D:7      | Noticed Crazy Yiuf
  9239 | D:7      | Killed Crazy Yiuf
  9591 | D:7      | Reached skill level 5 in Invocations
  9820 | D:8      | Noticed a two-headed ogre
 10081 | D:8      | Noticed Grum
 10098 | D:8      | Slain by a wolf

Illustrated notes

Levels and vault maps discovered:
D:1:      matt_arrival_los_fun, layout_basic, minmay_misc_feat_cross
D:2:      layout_loops_ring, hellmonk_ecumenical_altar_pennies_from_heaven,
          minmay_statues_item
D:3:      layout_rooms, mainiacjoe_overflow_catwalk,
          minmay_misc_feat_nine_boxes, uniq_natasha
D:4:      layout_cave_pools, marbit_many_paths, minmay_temple_entry_mini_moons,
          nicolae_wormholes, uniq_edmund
D:5:      layout_basic, serial_shops, nicolae_shop_waterfront,
          chequers_ossuary_entry_cave, hex_tiny
D:6:      layout_basic, mainiacjoe_overflow_alcove_2,
          gammafunk_ghost_gnarly_gnolls
D:7:      layout_basic, uniq_crazy_yiuf_cottage
D:8:      layout_cave_pods, uniq_grum

Skill      XL: |  1  2  3  4  5  6  7  8  9 |
---------------+----------------------------+-----
Invocations    | 1 2 3 4 5 |  5.1
Short Blades   | 1 2 3 4 |  4.6
Long Blades    | 1 2 3 4 |  4.6
Axes           | 1 2 3 4 |  4.6
Maces & Flails | 1 2 3 4 |  4.6
Staves         | 1 2 3 4 |  4.6
Ranged Weapons | 1 2 3 4 |  4.6
Throwing       | 1 2 3 4 |  4.6
Armour         | 1 2 3 4 |  4.6
Dodging        | 1 2 3 4 |  4.6
Stealth        | 1 2 3 4 |  4.6
Shields        | 1 2 3 4 |  4.6
Unarmed Combat | 1 2 3 4 |  4.6
Evocations     | 1 2 3 4 |  4.6
Spellcasting   | 3 4 5 |  5.5
Conjurations   | 1 2 3 |  3.8
Hexes          | 1 2 3 |  3.8
Summonings     | 1 2 3 |  3.8
Necromancy     | 1 2 3 |  3.8
Translocations | 1 2 3 |  3.8
Transmutations | 1 2 3 |  3.8
Ice Magic      | 1 2 3 |  3.8
Air Magic      | 1 2 3 |  3.8
Earth Magic    | 1 2 3 |  3.8
Poison Magic   | 1 2 3 |  3.8
Fighting       | 7 8 |  8.1
Polearms       | 7 8 |  8.1
Fire Magic     | 6 |  6.7

Action                   |  1- 3 |  4- 6 |  7- 9 || total
-------------------------+-------+-------+-------++-------
Melee: Spear             |   169 |   126 |   145 ||   440
       Bite              |     6 |    19 |    43 ||    68
       Punch             |     2 |     2 |     8 ||    12
       Flail             |       |       |   195 ||   195
       Dire flail        |       |       |    29 ||    29
 Cast: Scorch            |       |    22 |    69 ||    91
Invok: Fiery Armour      |     1 |     2 |     2 ||     5
       Foxfire Swarm     |       |     1 |     1 ||     2
  Use: Potion            |       |     2 |    10 ||    12
       Scroll            |       |     2 |     2 ||     4
 Stab: Sleeping          |     1 |     2 |     4 ||     7
       Distracted        |       |       |     1 ||     1
Armor: Robe              |    22 |    16 |    56 ||    94
       Ring mail         |       |       |    21 ||    21
Dodge: Dodged            |    44 |    53 |   198 ||   295
